Map: [ESL] Hard Lead

Players

Firefly - Winner!

  • Race: Protoss Protoss
  • Spawn Location: 5:00

Coffee

  • Race: Terran Terran
  • Spawn Location: 11:00

Event: ESL SC2 Masters 2023 Winter (Regional)

VOD

Have the link to the VOD?

Description

Time

  • Played on: Nov. 10, 2023, 6:30 a.m.
  • Length: 10:48

All games in this series

Show
View Real Time Build Order
Export as new Build Order

Firefly Protoss - Winner!

Build Orders: 1 Gate Expand, Archon Immortal, Blink Stalkers 

Get SALT Encoding   

  12  0:00  Probe  
  13  0:12  Probe  
  14  0:17  Pylon  
  14  0:24  Probe  
  15  0:35  Gateway  
  15  0:36  Probe (Chrono Boost)  
  16  0:46  Assimilator, Probe (Chrono Boost)  
  17  0:51  Probe (Chrono Boost)  
  18  1:03  Probe  
  19  1:15  Probe  
  20  1:22  Cybernetics Core  
  20  1:32  Nexus  
  20  1:38  Pylon  
  20  1:41  Probe  
  21  1:50  Assimilator  
  21  1:53  Probe  
  22  1:55  Adept (Chrono Boost)  
  22  1:59  Warp Gate  
  24  2:05  Probe  
  24  2:18  Adept, Probe (Chrono Boost)  
  27  2:28  Probe (Chrono Boost)  
  28  2:32  Twilight Council, Probe (Chrono Boost)  
  29  2:42  Gateway  
  30  2:44  Probe  
  30  2:47  Probe  
  31  2:56  Probe  
  32  2:59  Probe  
  32  3:01  Blink (Chrono Boost)  
  33  3:06  Gateway  
  33  3:08  Probe  
  33  3:12  Probe  
  35  3:20  Robotics Facility  
  35  3:23  Probe  
  35  3:25  Probe  
  37  3:35  Probe  
  37  3:37  Probe  
  37  3:47  Stalker, Probe  
  38  3:49  Stalker, Probe  
  38  3:55  Pylon  
  40  3:59  Probe  
  40  4:01  Probe  
  40  4:02  Stalker  
  42  4:09  Observer  
  43  4:11  Probe  
  43  4:13  Probe  
  43  4:17  Stalker  
  47  4:23  Probe  
  48  4:25  Probe  
  48  4:27  Nexus  
  48  4:30  Assimilator  
  49  4:34  Observer  
  49  4:35  Probe  
  51  4:39  Pylon  
  51  4:40  Probe  
  51  4:43  Gateway  
  52  4:47  Probe  
  52  4:48  Forge  
  52  4:52  Probe  
  54  4:59  Probe  
  55  5:01  Shield Battery  
  55  5:05  Stalker x2  
  59  5:14  Pylon  
  59  5:16  Observer  
  59  5:17  Shield Battery  
  59  5:19  Protoss Ground Weapons Level 1 (Chrono Boost)  
  60  5:21  Stalker  
  60  5:22  Shield Battery  
  62  5:32  Probe x2, Pylon  
  64  5:39  Stalker x3  
  70  5:45  Immortal (Chrono Boost)  
  70  5:57  Shield Battery, Stalker  
  70  6:02  Shield Battery, Pylon  
  72  6:07  Stalker x2  
  76  6:11  Stalker  
  76  6:16  Shield Battery, Probe x2  
  79  6:24  Immortal  
  83  6:32  Zealot x2, Stalker  
  87  6:46  Stalker  
  89  6:51  Gateway  
  89  6:53  Gateway  
  89  6:55  Stalker x2  
  93  7:02  Stalker  
  93  7:16  Nexus  
  93  7:21  Pylon  
  93  7:23  Pylon  
  91  7:35  Protoss Ground Armor Level 1 (Chrono Boost), Pylon  
  91  7:36  Pylon  
  89  7:37  Observer  
  89  7:39  Pylon  
  89  7:40  Charge  
  89  7:44  Gateway x2  
  89  7:50  Warp Prism (Chrono Boost)  
  85  7:57  Templar Archives  
  87  8:01  Probe x2  
  87  8:02  Shield Battery  
  88  8:12  Zealot x4  
  96  8:19  Observer  
  97  8:28  Zealot x2  
  97  8:45  High Templar x2, Zealot x4  
  97  8:48  Observer  
  109  8:49  Archon  
  109  8:51  Zealot x2  
  113  9:02  Probe x3  
  116  9:11  Nexus, Immortal (Chrono Boost)  
  116  9:15  Observer  
  118  9:30  Zealot x6  
  124  9:34  Pylon  
  124  9:36  Pylon  
  124  9:38  Pylon  
  120  9:47  Immortal (Chrono Boost), Pylon  
  120  9:49  Pylon  
  124  9:53  High Templar  
  124  9:54  High Templar, Zealot x3, Pylon  
  124  9:57  Archon  
  134  10:10  Zealot x3  
  140  10:19  Zealot x3  
  104  10:35  Zealot x5  
  104  10:42  Zealot x3  
Show
View Real Time Build Order
Export as new Build Order

Coffee Terran 

Build Orders: Cyclone Opening 

Get SALT Encoding   

  12  0:00  SCV  
  13  0:12  SCV  
  14  0:17  Supply Depot  
  14  0:24  SCV  
  15  0:39  Barracks, SCV  
  16  0:43  Refinery  
  16  0:51  SCV  
  16  0:52  Refinery  
  17  1:03  SCV  
  18  1:15  SCV  
  19  1:26  Reaper  
  19  1:27  Orbital Command  
  20  1:40  Factory  
  20  1:49  Supply Depot  
  20  1:53  SCV  
  21  1:59  Barracks Reactor  
  21  2:05  SCV  
  22  2:17  SCV  
  22  2:19  Command Center  
  23  2:25  Hellion  
  25  2:30  SCV  
  25  2:36  Reaper x2  
  28  2:40  Supply Depot  
  28  2:42  SCV  
  29  2:48  Cyclone  
  31  2:55  Barracks  
  31  3:01  SCV  
  32  3:07  Barracks  
  32  3:13  SCV  
  32  3:19  Marine x2  
  35  3:21  Factory Tech Lab  
  35  3:27  SCV  
  35  3:39  Marine x2  
  36  3:43  Barracks Tech Lab  
  36  3:45  Siege Tank  
  39  3:50  SCV  
  38  3:57  Marine x2  
  39  4:04  SCV  
  39  4:05  Barracks Tech Lab  
  39  4:09  Orbital Command  
  40  4:11  Stimpack, Marine  
  40  4:17  Siege Tank, SCV  
  45  4:25  Combat Shield  
  45  4:26  Marine  
  45  4:29  SCV  
  47  4:33  Supply Depot  
  47  4:36  SCV  
  47  4:37  Marine x2  
  50  4:41  Marine, SCV  
  50  4:43  Marine  
  53  4:50  Supply Depot  
  53  4:53  SCV  
  53  4:54  Siege Tank, SCV  
  60  5:00  Marauder  
  60  5:02  Marauder  
  62  5:07  Supply Depot  
  62  5:11  Marine x2  
  62  5:12  SCV x2  
  66  5:18  Starport  
  66  5:24  Supply Depot, SCV x2, Marine x2  
  70  5:29  Marine x2  
  72  5:41  Siege Tank  
  72  5:42  SCV  
  73  5:49  Marine  
  77  5:50  Marauder x2, Marine  
  77  5:53  SCV  
  77  5:54  SCV  
  77  5:56  Starport Reactor  
  79  6:02  Refinery  
  79  6:03  Barracks  
  79  6:06  Supply Depot, SCV x2  
  79  6:07  Marine x2  
  82  6:19  Marauder  
  82  6:20  Marine  
  82  6:25  Marine  
  83  6:26  Bunker  
  83  6:27  Bunker  
  83  6:31  SCV  
  81  6:38  Siege Tank, Marauder  
  81  6:40  SCV, Marauder  
  81  6:43  SCV  
  81  6:45  Marine x2  
  87  6:52  SCV  
  86  6:56  SCV  
  86  6:59  Marine  
  86  7:03  Marine, Marauder  
  86  7:08  SCV, Medivac x2  
  92  7:09  SCV  
  90  7:17  Barracks  
  90  7:18  Barracks  
  90  7:22  SCV  
  90  7:25  Refinery  
  90  7:26  Supply Depot, Marine x2  
  90  7:27  Marine, Marauder  
  94  7:39  Barracks  
  94  7:41  Engineering Bay  
  94  7:44  Marine  
  94  7:49  Siege Tank, Marauder  
  95  7:52  Marine, Medivac x2  
  95  7:58  Barracks Reactor  
  99  8:02  Marauder  
  101  8:06  Supply Depot  
  101  8:07  Barracks Tech Lab, Supply Depot  
  101  8:11  Marauder  
  99  8:17  Marine x2  
  101  8:20  Terran Infantry Weapons Level 1  
  101  8:25  Marauder  
  101  8:29  Siege Tank  
  101  8:32  Marauder  
  101  8:33  Marauder  
  99  8:41  Marine x2  
  99  8:42  Marine x2  
  99  8:46  Marauder  
  103  8:57  Marine x2  
  103  8:58  Medivac x2  
  109  9:03  Marine x4  
  109  9:08  Marauder  
  115  9:14  Marine  
  115  9:15  Marauder  
  118  9:26  Siege Tank  
  118  9:31  Marine x2  
  114  9:34  Marine x3  
  114  9:37  Medivac x2  
  114  9:38  Supply Depot  
  114  9:41  Marine x2  
  114  9:42  Supply Depot  
  116  9:48  Marine  
  117  9:56  Marine  
  117  9:59  Marine x2  
  118  10:00  Marauder x2  
  118  10:05  Supply Depot x2  
  123  10:14  Medivac x2  
  123  10:15  Siege Tank  
  123  10:16  Marine  
Tags
 
Add a new tag
Caveats
  • Supply blocks, unpowered buildings, or Contaminate may cause inaccurate times.
  • Supply counts are checked every 10 seconds.